 Dungeon Crawl Stone Soup version 0.15.0-11-g6f4f891 (webtiles) character file.

1103 Crauler the Insei (level 8, 0/60 (63) HPs)
             Began as a Black Draconian Transmuter on Aug 31, 2014.
             Was a Follower of Sif Muna.
             Succumbed to an orc wizard's poison
             ... on Level 6 of the Dungeon.
             The game lasted 00:23:24 (5989 turns).

Crauler the Insei (Black Draconian Transmuter)      Turns: 5989, Time: 00:23:24

HP   0/60 (63)   AC  7     Str 12      XL: 8   Next: 10%
MP  17/17        EV 13     Int 14      God: Sif Muna [*.....]
Gold 454         SH  0     Dex 12 (14) Spells:  1 memorised, 11 levels left

rFire  . . .     SeeInvis .     s - +4 quarterstaff (chaos)
rCold  . . .     Clarity  .     (armour unavailable)
rNeg   . . .     rCorr    .     (no shield)
rPois  .         rRot     .     (helmet restricted)
rElec  +         Spirit   .     u - +0 cloak (curse)
SustAb .         Warding  .     (no gloves)
rMut   .         Stasis   .     (no boots)
Gourm  .                        t - amulet of faith
MR     .....                    (no ring)
                                e - cursed +6 ring of slaying

@: lethally poisoned, not resistant to hostile enchantments, very unstealthy
A: breathe lightning, unfitting armour, electricity resistance, cold-blooded, AC
+6
a: Breathe Lightning, Channel Energy, Renounce Religion


You were on level 6 of the Dungeon.
You worshipped Sif Muna.
Sif Muna was aware of your devotion.
You were hungry.

You visited 2 branches of the dungeon, and saw 7 of its levels.
You also visited: Ossuary.

You collected 454 gold pieces.

Inventory:

Hand weapons
 s - a +4 quarterstaff of chaos (weapon)
 z - a cursed +0 blowgun
 B - a +0 dagger of venom
Missiles
 w - 30 poisoned needles
Armour
 u - a cursed +0 cloak (worn)
Comestibles
 a - 4 bread rations
 i - 3 fruits
 k - 2 meat rations
 r - 2 beef jerkies
 v - a slice of pizza
Scrolls
 f - 10 scrolls of identify
 g - a scroll of fog
 h - 4 scrolls of teleportation
 o - a scroll of fear
 p - 2 scrolls of amnesia
 q - a scroll of remove curse
Jewellery
 e - a cursed +6 ring of slaying (left hand)
 l - an uncursed ring of teleportation
 t - an amulet of faith (around neck)
Potions
 b - a potion of agility
 c - 4 potions of brilliance
 A - a potion of invisibility
Books
 d - a book of Changes

   Spells                             Type                      Level
   Beastly Appendage                  Transmutation                1
   Sticks to Snakes                   Transmutation                2
   *Spider Form                       Transmutation/Poison         3
   Ice Form                           Ice/Transmutation            4
   Blade Hands                        Transmutation                5
 y - a book of Burglary

   Spells                             Type                      Level
   Swiftness                          Charms/Air                   2
   Passwall                           Transmutation/Earth          3
   Passage of Golubria                Translocation                4
   Lee's Rapid Deconstruction         Earth                        5
   Invisibility                       Hexes                        6
   Darkness                           Hexes                        7


   Skills:
 + Level 3.4 Fighting
 + Level 3.6 Dodging
 * Level 5.8 Unarmed Combat
 + Level 3.8 Spellcasting
 * Level 5.7 Transmutations


You had 11 spell levels left.
You knew the following spells:

 Your Spells              Type           Power        Failure   Level  Hunger
b - Spider Form           Trmt/Pois      ##........   21%         3    ###....


Dungeon Overview and Level Annotations

Branches:
Dungeon (6/15)             Temple (1/1) D:4

Altars:
Ashenzari
Cheibriados
Dithmenos
Elyvilon
Fedhas
Kikubaaqudgha
Makhleb
Nemelex Xobeh
Okawaru
Sif Muna
Trog
Vehumet
Xom
Yredelemnul
The Shining One


Innate Abilities, Weirdness & Mutations

You can breathe wild blasts of lightning.
Your glossy black scales are hard (AC +6).
Your body does not fit into most forms of armour.
You are resistant to electric shocks.
Your cold-blooded metabolism reacts poorly to cold.


Message History

Deactivating autopickup; reactivate with Ctrl-A.
Unknown command.
The helpless worker ant fails to defend itself.
You sock the worker ant!
You kill the worker ant!
You feel sick.
You hear some strange, mumbled words.
Something tries to affect you, but you resist.
Drink which item? (? for menu, Esc to quit)
Okay, then.
You feel sick.
You have got your breath back.
You feel sick.
A puff of flame appears from out of thin air!
The puff of flame misses you.
Something tries to affect you, but you resist.
A puff of flame appears from out of thin air!
The puff of flame hits you!
* * * LOW HITPOINT WARNING * * *
You die...

...#.###.#######.# #.#
.#.#.# #.......#.# ...
.#.#.# #######.#.# #.#
.#.#.# #.#.# #.# #.#.#
#.#.# #.# . .#.# #.#.#
#.# #.# #.# #.#.# #.# #..
..# #../# #.# #..
#######@####.####### #..
...............{o...###..
#########....#####..##..
............# ##.##..
########...## #..#..
#...# ##.#.. #...# #....
#...# ##... #...# #..#


You could see an orc.

Vanquished Creatures
  An ice beast (D:5)
  4 ogres
  Crazy Yiuf (D:2)
  An orc priest (D:3)
  2 hounds
  A giant frog skeleton (D:4)
  2 orc wizards
  5 worker ants
  4 big kobold zombies (Ossuary)
  Ijyb (D:3)
  3 mummies
  4 gnolls
  6 adders
  A giant mite (D:6)
  2 worms (D:2)
  4 giant geckos
  12 orcs
  13 bats
  9 hobgoblins
  10 kobolds
  2 oozes
  8 quokkas
  A ball python (D:3)
  5 giant cockroaches
  7 giant newts
  11 goblins
  A goblin skeleton (D:4)
  3 goblin zombies (Ossuary)
  3 hobgoblin zombies
  6 jackals
  A jackal zombie (D:3)
  5 orc zombies (Ossuary)
  11 rats
  2 fungi (D:2)
152 creatures vanquished.

Notes
Turn   | Place    | Note
--------------------------------------------------------------
     0 | D:1      | Crauler, the Draconian Transmuter, began the quest for the Orb.
     0 | D:1      | Reached XP level 1. HP: 16/16 MP: 3/3
   133 | D:1      | Reached XP level 2. HP: 23/23 MP: 4/4
   393 | D:2      | Reached XP level 3. HP: 24/28 MP: 3/6
   475 | D:2      | Learned a level 3 spell: Spider Form
   990 | D:2      | Found a shattered altar of Ashenzari.
  1086 | D:2      | Found a deep blue altar of Sif Muna.
  1126 | D:2      | Became a worshipper of Sif Muna the Loreminder
  1404 | D:2      | Noticed Crazy Yiuf
  1560 | D:2      | Killed Crazy Yiuf
  1560 | D:2      | Reached XP level 4. HP: 18/35 MP: 0/8
  2060 | D:3      | Noticed Ijyb
  2069 | D:3      | Killed Ijyb
  2280 | D:3      | Reached skill level 4 in Unarmed Combat
  2294 | D:3      | Reached XP level 5. HP: 36/40 MP: 9/9
  3305 | D:4      | Noticed an ogre
  3314 | D:4      | Killed an ogre
  3314 | D:4      | Reached XP level 6. HP: 47/49 MP: 8/12
  3807 | D:4      | Found a staircase to the Ecumenical Temple.
  3826 | D:4      | Your scales start taking on a glossy black colour.
  3826 | D:4      | Gained mutation: You are resistant to electric shocks. [draconian maturity]
  3826 | D:4      | Reached XP level 7. HP: 53/56 MP: 11/15
  3831 | Temple   | Entered the Ecumenical Temple
  4065 | D:5      | Entered Level 5 of the Dungeon
  4068 | D:5      | Found a blossoming altar of Fedhas.
  4108 | D:5      | Reached skill level 5 in Unarmed Combat
  4293 | D:5      | Found a sand-covered staircase.
  4297 | Ossuary  | Entered an ossuary
  4500 | Ossuary  | Reached skill level 5 in Transmutations
  4787 | D:5      | Found a bloodstained altar of Trog.
  4888 | D:5      | Acquired Sif Muna's first power
  5250 | D:5      | HP: 1/57 [ice beast (6)]
  5580 | D:5      | Reached XP level 8. HP: 60/60 MP: 17/17
  5988 | D:6      | HP: 1/60 [something/puff of flame (10)]
  5989 | D:6      | Succumbed to an orc wizard's poison

Action                   |  1- 3 |  4- 6 |  7- 9 || total
-------------------------+-------+-------+-------++-------
Melee: Unarmed           |    92 |    16 |    21 ||   129
       Quarterstaff      |       |    96 |   113 ||   209
 Cast: Beastly Appendage |     2 |       |       ||     2
       Spider Form       |     1 |     3 |     4 ||     8
 Abil: End Transformatio |       |     1 |     1 ||     2
       Breathe Lightning |       |       |     1 ||     1
Evoke: Wand              |       |       |     1 ||     1
  Use: Scroll            |       |    12 |     1 ||    13
       Potion            |       |     6 |     7 ||    13
 Stab: Confused          |       |       |     1 ||     1
       Paralysed         |       |       |     1 ||     1
  Eat: Chunk             |     2 |     9 |     7 ||    18
